 Dungeon Crawl Stone Soup version 0.23.2-33-g5129a83184 (webtiles) character file.

Game seed: 1216724340865923228

95 t4s4d4r the Ruffian (level 4, -3/31 HPs)
             Began as an Octopode Fighter on July 10, 2019.
             Splashed by a jelly's acid (6 damage)
             ... on level 3 of the Dungeon.
             The game lasted 00:02:30 (1880 turns).

t4s4d4r the Ruffian (Octopode Fighter)              Turns: 1880, Time: 00:02:31

Health: -3/31      AC: -2    Str: 15    XL:     4   Next: 65%
Magic:  4/4        EV: 11    Int: 11    God:
Gold:   129        SH:  8    Dex: 11    Spells: 3/3 levels left

rFire    . . .     SeeInvis .     - Unarmed
rCold    . . .     Gourm    .   a - +0 shield
rNeg     . . .     Faith    .   e - +1 hat
rPois    .         Spirit   .   (no amulet)
rElec    .         Reflect  .   (no ring)
rCorr    .         Harm     .   (no ring)
MR       .....                  (no ring)
Stlth    ++........             (no ring)
HPRegen  0.10/turn              (no ring)
MPRegen  0.09/turn              (no ring)
                                (no ring)
                                (no ring)

@: corroded
A: almost no armour, stealthy swim, amphibious, 8 rings, constrict 8, camouflage
1, gelatinous body 1
a: no special abilities


You were on level 3 of the Dungeon.
You were not hungry.

You visited 1 branch of the dungeon, and saw 3 of its levels.

You collected 129 gold pieces.

Inventory:

Missiles
 f - 70 stones (quivered)
Armour
 a - a +0 shield (worn)
 e - a +1 hat (worn)
Scrolls
 d - a scroll of fog {unknown}
 h - a scroll of teleportation
 j - a scroll of amnesia {unknown}
 k - a scroll of identify {unknown}
 l - a scroll of remove curse {unknown}
Potions
 b - a potion of might
 i - a potion of berserk rage {unknown}
Comestibles
 c - 6 rations
 g - 10 chunks of flesh


   Skills:
 - Level 3.0 Fighting
 - Level 3.0 Dodging
 - Level 3.0 Shields
 + Level 4.7 Unarmed Combat


You had 3 spell levels left.
You didn't know any spells.
Your spell library was empty.

Dungeon Overview and Level Annotations

Branches:
Dungeon (3/15)

Altars:
Ashenzari
Elyvilon
Fedhas
Makhleb
Ru


Innate Abilities, Weirdness & Mutations

You cannot wear most types of armour.
You are very stealthy in the water. (Stealth+)
You are amphibious.
You can wear up to eight rings at the same time.
You can use your tentacles to constrict eight enemies at once.
Your skin changes colour to match your surroundings (Stealth+).
Your rubbery body absorbs attacks. (AC +1, EV +1)


Message History

You tentacle-slap the jelly but do no damage.
Your tentacles burn!
The jelly hits you.
You are splashed with acid!
You completely miss the jelly. You block the jelly's attack.
You tentacle-slap the jelly.
Your tentacles burn!
You squeeze the jelly!
The jelly is heavily wounded.
The jelly hits you. The acid corrodes you!
You are splashed with acid!
* * * LOW HITPOINT WARNING * * *
You block the jelly's attack.
You are no longer corroded.
Your shield prevents you from hitting the jelly.
The jelly is heavily wounded.
You block the jelly's attack.
You bludgeon the jelly! The acid corrodes you!
Your tentacles burn!
* * * LOW HITPOINT WARNING * * *
You squeeze the jelly.
The jelly is almost dead.
The jelly hits you.
* * * LOW HITPOINT WARNING * * *
You are splashed with acid.
You die...

........# ........#
........# ....†...#
.....<..#### ###
............. ..##
####.######## ..#
#.# #.# #.# #####@#
#.# #....J##
..##.#######.###..#
..................#
##+#######'#####..#
.....###.....###..#
#.....###.....##..#
##.....###.....#..#
###.....###....#..#


You could see a jelly.

Vanquished Creatures
  3 adders (D:2)
  An ooze (D:1)
  A worm (D:2)
  A dart slug (D:2)
  3 leopard geckos
  3 giant cockroaches
  5 goblins
  8 hobgoblins
  8 bats
  4 frilled lizards
  10 kobolds
  11 rats
58 creatures vanquished.

Notes
Turn   | Place    | Note
-------+----------+-------------------------------------------
     0 | D:1      | t4s4d4r the Octopode Fighter began the quest for the Orb.
     0 | D:1      | Reached XP level 1. HP: 16/16 MP: 1/1
   132 | D:1      | Reached XP level 2. HP: 21/21 MP: 2/2
   230 | D:1      | Reached skill level 3 in Unarmed Combat
   447 | D:1      | Reached XP level 3. HP: 25/26 MP: 3/3
  1123 | D:2      | Found a sacrificial altar of Ru.
  1125 | D:2      | Found a blossoming altar of Fedhas.
  1125 | D:2      | Found a white marble altar of Elyvilon.
  1126 | D:2      | Found a burning altar of Makhleb.
  1134 | D:2      | Reached skill level 4 in Unarmed Combat
  1148 | D:2      | Found a shattered altar of Ashenzari.
  1277 | D:2      | Reached XP level 4. HP: 31/31 MP: 4/4
  1408 | D:2      | Found a blossoming altar of Fedhas.
  1880 | D:3      | Splashed by a jelly's acid

Skill      XL: |  1  2  3 |
---------------+----------+-----
Unarmed Combat | 3 4 |  4.7
Fighting       | |  3.0
Dodging        | |  3.0
Shields        | |  3.0

Action                   |  1- 3 |  4- 6 || total
-------------------------+-------+-------++-------
Melee: Unarmed           |    81 |    49 ||   130
       Constrict         |    23 |    11 ||    34
       Tentacles         |    15 |     6 ||    21
       Punch             |     2 |     1 ||     3
  Use: Scroll            |       |     4 ||     4
 Stab: Sleeping          |     6 |     6 ||    12
  Eat: Chunk             |     1 |     2 ||     3
Armor: Skin              |    10 |     6 ||    16
Dodge: Dodged            |    44 |    21 ||    65
Block: Shield            |    43 |    21 ||    64
